 Dungeon Crawl Stone Soup version 0.28-a0-1087-gf3fc490d9d (webtiles) character file.

Game seed: 5740626839507308750

146 tsouns the Chiller (level 5, 0/35 HPs)
             Began as a Demonspawn Ice Elementalist on Dec 10, 2021.
             Was a Priest of Ru.
             Slain by a gnoll (1 damage)
             ... on level 3 of the Dungeon.
             The game lasted 00:06:04 (3233 turns).

tsouns the Chiller (Demonspawn Ice Elementalist)    Turns: 3233, Time: 00:06:05

Health: 0/35       AC:  5    Str:  8    XL:     5   Next: 7%
Magic:  8/10       EV: 17    Int: 18    God:    Ru [***...]
Gold:   145        SH:  0    Dex: 17    Spells: 4/11 levels left

rFire   . . .      SeeInvis .   h - +3 hand axe (pain)
rCold   . . .      Faith    .   (shield unavailable)
rNeg    . . .      Spirit   .   a - +0 robe
rPois   .          Reflect  .   l - +0 helmet
rElec   .          Harm     .   (no cloak)
rCorr   .          Rampage  .   m - +0 pair of gloves {Dex+3}
Will    .....                   i - +0 pair of boots
Stlth   ++........              (no amulet)
HPRegen 0.11/turn               (ring unavailable)
MPRegen 0.24/turn               (no ring)

@: agile
A: powered by pain 1, magic regeneration, missing a hand, demonic touch 1
a: Renounce Religion, Draw Out Power


You were on level 3 of the Dungeon.
You worshipped Ru.
Ru was most pleased with you.
You visited 1 branch of the dungeon, and saw 3 of its levels.

You collected 145 gold pieces.

Inventory:

Hand Weapons
 b - a +0 quarterstaff
 e - a +0 whip
 h - a +3 hand axe of pain (weapon)
Missiles
 g - 21 poisoned darts
Armour
 a - a +0 robe (worn)
 i - a +0 pair of boots (worn)
 l - a +0 helmet (worn)
 m - a +0 pair of gloves of dexterity (worn)
Scrolls
 c - a scroll of teleportation
Potions
 d - a potion of magic
 f - a potion of cancellation {unknown}
 j - a potion of lignification {unknown}
 k - a potion of invisibility


   Skills:
 - Level 1.7 Dodging
 - Level 1.7 Stealth
 + Level 3.7 Spellcasting
 + Level 4.8 Ice Magic


You had 4 spell levels left.
You knew the following spells:

 Your Spells              Type           Power      Damage    Failure   Level
a - Freeze                Ice            80%        1d9       1%          1
b - Frozen Ramparts       Ice            40%        1d6       6%          3
c - Ozocubu's Armour      Ice            20%        N/A       6%          3

Your spell library contained the following spells:

 Spells                   Type           Power      Damage    Failure   Level
 Hailstorm                Conj/Ice       12%        3d5       50%         4


Dungeon Overview and Level Annotations

Branches:
Dungeon (3/15)

Altars:
Ru


Innate Abilities, Weirdness & Mutations

You sometimes gain a little power by taking damage.
You regenerate magic rapidly.
You are missing a hand.
Your touch may inflict minor irresistible damage on your foes.


Message History

You are too injured to fight recklessly!
You are too injured to fight recklessly!
You are too injured to fight recklessly!
You are too injured to fight recklessly!
You are too injured to fight recklessly!
You are too injured to fight recklessly!
You are too injured to fight recklessly!
You are too injured to fight recklessly!
You completely miss the endoplasm.
The endoplasm is severely wounded.
The endoplasm closely misses you.
The endoplasm hits you but does no damage.
You slash the endoplasm!
You kill the endoplasm!
A gnoll is nearby!
The gnoll shouts! x2
You hit the gnoll.
The gnoll is heavily wounded.
The gnoll misses you.
The gnoll hits you from afar with a +0 spear.
The gnoll hits you with a +0 flail!
* * * LOW HITPOINT WARNING * * *
You focus on the pain.
You feel agile all of a sudden.
You focus your inner power and blind the gnoll in retribution!
The gnoll barely misses you.
Casting: Freeze (safe; 2% risk of failure)
Confirm with . or Enter, or press ? or * to list all spells.
Aiming: Freeze (safe; 2% risk of failure)
Press: ? - help, Shift-Dir - straight line, f - gnoll
Aim: a gnoll, wielding a +0 flail (heavily wounded, blind)
You freeze the gnoll!
You kill the gnoll!
The gnoll hits you from afar with a +0 spear!
* * * LOW HITPOINT WARNING * * *
You have reached level 5!
Your demonic ancestry asserts itself...
Your hands begin to faintly glow with unholy energy.
The gnoll hits you from afar with a +0 spear.
You die...

#.###########'## ####.#
####.###### ##...## #.#
#.........# ##.....## # #.#
#.##.#.##.###.......## ##.#.#
#.##....#.##.........####....###
#.##.......'.........'..........
#.###...#.##.........####....###
#.........###.......## #....#
#####.##### ##.@...## ##.### #.#
##...## #. #.# ####g## #. #.#
....g. #. #.# #<#.#. #.#
#.#.#.###. #.# #.<....... #..
...........###K ###.##.....#


You could see 2 gnolls.

Vanquished Creatures
  An orc wizard (D:3)
  A gnoll (D:3)
  3 adders
  2 dart slugs
  5 orcs (D:3)
  3 bats
  5 endoplasms
  4 giant cockroaches
  3 goblins (D:1)
  9 hobgoblins
  4 jackals (D:2)
  2 kobolds
  3 quokkas
  3 ball pythons
  3 frilled lizards
  7 rats
58 creatures vanquished.

Vanquished Creatures (others)
  An orc wizard (D:3)
1 creature vanquished.

Grand Total: 59 creatures vanquished

Notes
Turn   | Place    | Note
-------+----------+-------------------------------------------
     0 | D:1      | tsouns the Demonspawn Ice Elementalist began the quest for
                  | the Orb.
     0 | D:1      | Reached XP level 1. HP: 13/13 MP: 3/3
   388 | D:1      | Gained mutation: You regenerate magic rapidly. [demonic
                  | ancestry]
   388 | D:1      | Reached XP level 2. HP: 19/19 MP: 1/5
   548 | D:1      | Reached skill level 4 in Ice Magic
  1364 | D:2      | Gained mutation: You sometimes gain a little power by
                  | taking damage. [demonic ancestry]
  1364 | D:2      | Reached XP level 3. HP: 19/24 MP: 1/7
  1853 | D:2      | Learned a level 3 spell: Frozen Ramparts
  1877 | D:2      | Learned a level 3 spell: Ozocubu's Armour
  2006 | D:2      | Found a faded altar of an unknown god.
  2038 | D:2      | Prayed at the altar of an unknown god.
  2038 | D:2      | Became a worshipper of Ru the Awakened
  2061 | D:2      | Gained mutation: You are missing a hand. [Ru sacrifice]
  2061 | D:2      | Reached * piety under Ru
  2061 | D:2      | Reached ** piety under Ru
  2061 | D:2      | Reached *** piety under Ru
  2562 | D:3      | Reached XP level 4. HP: 30/30 MP: 3/8
  3232 | D:3      | HP: 1/30 [gnoll (7)]
  3233 | D:3      | Gained mutation: Your touch may inflict minor irresistible
                  | damage on your foes. [demonic ancestry]
  3233 | D:3      | Reached XP level 5. HP: 1/35 MP: 8/10
  3233 | D:3      | Slain by a gnoll

Illustrated notes

Levels and vault maps discovered:
D:1:      dpeg_arrival_short_road, layout_rooms, serial_corexii_hall,
          corexii_hall_statues_x, chequers_hall_statues_y,
          chequers_hall_statues_corner_a, corexii_hall_statues_x
D:2:      layout_loops_ring, hellmonk_ecumenical_altar_arch_garden,
          minmay_hexomino_u4
D:3:      layout_loops_corners, hangedman_decor_diamond_cutter, st_stairs_6,
          nrook_campfire

Skill      XL: |  1  2  3 |
---------------+----------+-----
Ice Magic      | 4 |  4.8
Spellcasting   | 3 |  3.7
Dodging        | |  1.7
Stealth        | |  1.7

Action                   |  1- 3 |  4- 6 || total
-------------------------+-------+-------++-------
Melee: Quarterstaff      |    15 |       ||    15
       Unarmed           |     2 |       ||     2
       Hand axe          |       |    24 ||    24
 Cast: Freeze            |    57 |    15 ||    72
       Frozen Ramparts   |     1 |     1 ||     2
Invok: Sacrifice a Hand  |     1 |       ||     1
  Use: Scroll            |     5 |     1 ||     6
 Stab: Sleeping          |     1 |     1 ||     2
Armor: Robe              |     6 |     3 ||     9
Dodge: Dodged            |    40 |    21 ||    61

Table legend: (Time is in decaauts)
 A = Elapsed time spent in this place.
 B = Non-inter-level travel time spent in this place.
 C = Inter-level travel time spent in this place.
 D = Time resting spent in this place.
 E = Time spent auto-exploring this place.
 F = Levels seen in this place.
 G = Mean time per level.
                   A        B        C        D        E       F      G
               +--------+--------+--------+--------+--------+-----+--------+
         Total |   3243 |   3159 |     84 |    116 |   2535 |   3 | 1081.0 |
       Dungeon |   3243 |   3159 |     84 |    116 |   2535 |   3 | 1081.0 |
               +--------+--------+--------+--------+--------+-----+--------+

Top non-repeatable levels by time:
     D:1: 1250 daAuts
     D:2: 1084 daAuts
     D:3: 908 daAuts
